 Dungeon Crawl Stone Soup version 0.21-a0-633-g4c047d5 (webtiles) character file.

789 Faca the Slasher (level 8, -8/61 HPs)
             Began as a Formicid Fighter on Dec 28, 2017.
             Killed by divine providence
             ... invoked by an orc priest
              (13 damage)
             ... on level 5 of the Dungeon.
             The game lasted 00:10:46 (4641 turns).

Faca the Slasher (Formicid Fighter)                 Turns: 4641, Time: 00:10:46

Health: -8/61      AC:  9    Str: 21    XL:     8   Next: 12%
Magic:  0/8        EV:  7    Int:  8    God:
Gold:   217        SH: 11    Dex: 12    Spells: 7/7 levels left

rFire    . . .     SeeInvis +   a - +1 long sword
rCold    . . .     Gourm    .   c - +1 shield
rNeg     . . .     Faith    .   k - +0 chain mail
rPois    .         Spirit   +   (helmet unavailable)
rElec    .         Reflect  .   (no cloak)
rCorr    .         Harm     .   (no gloves)
MR       .....                  (no boots)
Stlth    ..........             i - amulet of guardian spirit
HPRegen  0.20/turn              (no ring)
MPRegen  0.11/turn              (no ring)

@: lethally poisoned (-8 -> -9)
A: permanent stasis, dig shafts and tunnels, four strong arms, antennae 3
a: Dig, Shaft Self


You were on level 5 of the Dungeon.
You were not hungry.

You visited 1 branch of the dungeon, and saw 5 of its levels.

You collected 217 gold pieces.

Inventory:

Hand Weapons
 a - a +1 long sword (weapon)
 o - a +0 rapier
Armour
 c - a +1 shield (worn)
 k - a +0 chain mail (worn)
Jewellery
 i - an amulet of guardian spirit (around neck)
Wands
 j - a wand of flame (43)
Scrolls
 e - a scroll of fog
 h - 3 scrolls of enchant armour
 l - 3 scrolls of identify
 m - 3 scrolls of enchant weapon
Potions
 b - 2 potions of curing
 d - a potion of might
 g - 2 potions of mutation
Comestibles
 f - 3 rations


   Skills:
 + Level 4.7 Fighting
 + Level 5.8 Long Blades
 + Level 5.3 Armour
 - Level 1.2 Dodging
 - Level 1.0 Stealth
 + Level 5.6 Shields


You had 7 spell levels left.
You didn't know any spells.

Dungeon Overview and Level Annotations

Branches:
Dungeon (5/15)
 Temple: D:4-7

Altars:
Hepliaklqana
Kikubaaqudgha
Trog

Annotations:
D:5 Pikel


Innate Abilities, Weirdness & Mutations

You cannot be hasted, slowed, berserked, paralysed or teleported.
You can dig through walls and to a lower floor.
Your four strong arms can wield two-handed weapons with a shield.
You have a pair of large antennae on your head. (SInv)


Message History

Pikel hits you but does no damage.
You are electrocuted!
You hit Pikel but do no damage.
You feel sick.
The orc priest invokes the aid of Beogh against you.
Beogh smites you!
Pikel hits you with a whip of electrocution.
You feel sick.
You feel sick.
You feel sick.
You feel sick.
You feel sick.
The orc wizard mumbles some strange words.
The orc wizard blinks!
You feel sick.
The orc priest invokes the aid of Beogh against you.
Beogh smites you!
* * * LOW HITPOINT WARNING * * *
Pikel cracks his whip.
The orc priest invokes the aid of Beogh against you.
Beogh smites you!
You die...

...# #{# #.#
#######.###{# #.#
#.......{{{o# #.#
#.#####{###$# #.# #.#
#{# #.# #.# #.# #{# #.#
#.# #.# ###ยง###.#
##.####.####.###.......#
.......<...@K..o...#####
####################


You could see Pikel and an orc priest.

Vanquished Creatures
  The ghost of arthad the Skirmisher, a novice VSFi (D:4)
  An eye of draining (D:3)
  A centaur (D:4)
  2 scorpions (D:4)
  An orc wizard (D:5)
  Terence (D:2)
  An iguana (D:4)
  A worker ant (D:4)
  A hound skeleton (D:4)
  6 adders
  A gnoll (D:3)
  A shadow imp (D:5)
  An ooze (D:2)
  An adder zombie (D:5)
  2 dart slugs
  2 worms
  3 leopard geckos
  5 orcs
  10 giant cockroaches
  13 hobgoblins
  12 kobolds
  A quokka (D:4)
  A ball python (D:3)
  9 bats
  8 frilled lizards
  8 goblins
  10 rats
104 creatures vanquished.

Notes
Turn   | Place    | Note
-------+----------+-------------------------------------------
     0 | D:1      | Faca the Formicid Fighter began the quest for the Orb.
     0 | D:1      | Reached XP level 1. HP: 18/18 MP: 1/1
    96 | D:1      | Reached XP level 2. HP: 24/24 MP: 2/2
   281 | D:1      | Reached XP level 3. HP: 27/29 MP: 3/3
  1402 | D:2      | Reached XP level 4. HP: 32/37 MP: 4/4
  1526 | D:2      | Noticed Terence
  1534 | D:2      | Killed Terence
  1692 | D:2      | Found a hazy altar of Hepliaklqana.
  1775 | D:2      | Reached XP level 5. HP: 42/42 MP: 5/5
  2962 | D:3      | Found a bloodstained altar of Trog.
  2962 | D:3      | Noticed an eye of draining
  2987 | D:3      | Killed an eye of draining
  2987 | D:3      | Reached XP level 6. HP: 48/48 MP: 0/6
  3193 | D:4      | Noticed arthad's ghost (novice VSFi)
  3442 | D:4      | Killed arthad's ghost
  3442 | D:4      | Reached skill level 5 in Long Blades
  3442 | D:4      | Reached skill level 1 in Dodging
  3442 | D:4      | Reached skill level 5 in Shields
  3442 | D:4      | Reached XP level 7. HP: 25/55 MP: 2/7
  3668 | D:4      | Reached skill level 1 in Stealth
  3869 | D:4      | Found an ancient bone altar of Kikubaaqudgha.
  4126 | D:4      | Reached skill level 5 in Armour
  4311 | D:4      | Reached XP level 8. HP: 22/61 MP: 6/8
  4589 | D:5      | Entered Level 5 of the Dungeon
  4620 | D:5      | Noticed Pikel
  4641 | D:5      | Killed from afar by an orc priest

Vault maps used:
D:1:      onia_arrival_larder
D:2:      lemuel_coloured_pillars_altar, uniq_terence
D:3:      trog_eyes_of_draining
D:4:      cheibrodos_greedy_goblins, lemuel_round_altar, first_ration,
          hangedman_minor_gate_pass
D:5:      kennysheep_little_box, basic_altar, uniq_duvessa, uniq_pikel,
          uniq_prince_ribbit1

Skill      XL: |  1  2  3  4  5  6  7 |
---------------+----------------------+-----
Shields        | 4 5 |  5.6
Long Blades    | 3 4 5 |  5.8
Fighting       | 4 |  4.7
Armour         | 4 5 |  5.3
Dodging        | 1 |  1.2
Stealth        | 1 |  1.0

Action                   |  1- 3 |  4- 6 |  7- 9 || total
-------------------------+-------+-------+-------++-------
Melee: Long sword        |   105 |   186 |   102 ||   393
 Abil: Dig               |     3 |     1 |       ||     4
  Use: Scroll            |     4 |     3 |     4 ||    11
       Potion            |       |     1 |       ||     1
  Eat: Ration            |     1 |     1 |     1 ||     3
       Chunk             |       |     3 |       ||     3
Armor: Scale mail        |    49 |    60 |       ||   109
       Ice dragon scales |       |    16 |    18 ||    34
       Chain mail        |       |       |    26 ||    26
Dodge: Dodged            |    55 |    42 |    24 ||   121
Block: Shield            |    62 |    78 |    52 ||   192
       Rpst.: Long sword |    21 |    13 |     8 ||    42

Table legend:
 A = Spawn XP
 B = Non-spawn XP
 C = Spawn XP percentage of total XP
 D = Spawn monster count
 E = Non-spawn monster count
 F = Spawn count percentage of total count
 G = Total turns spent on level
                    A         B        C        D         E        F      G
               +---------+---------+-------+---------+---------+-------+---------
         Total |       0 |    1128 |   0.0 |       0 |     104 |   0.0 |  4641
               +---------+---------+-------+---------+---------+-------+---------
           D:1 |       0 |      58 |   0.0 |       0 |      36 |   0.0 |  1231
           D:2 |       0 |     102 |   0.0 |       0 |      22 |   0.0 |   879
           D:3 |       0 |     206 |   0.0 |       0 |      21 |   0.0 |  1256
           D:4 |       0 |     702 |   0.0 |       0 |      21 |   0.0 |  1223
           D:5 |       0 |      60 |   0.0 |       0 |       4 |   0.0 |    52
               +---------+---------+-------+---------+---------+-------+---------
